 Dungeon Crawl Stone Soup version 0.32-a0-132-g2d33c3cfaf (webtiles) character file.

Game seed: 714379881708514003

279 Dittersdorf the Covered (level 6, -6/39 HPs)
             Began as a Gargoyle Fighter on Feb 9, 2024.
             Killed by divine providence
             ... invoked by an orc priest
              (9 damage)
             ... on level 4 of the Dungeon.
             The game lasted 00:02:58 (3843 turns).

Dittersdorf the Covered (Gargoyle Fighter)          Turns: 3843, Time: 00:02:58

Health: -6/39      AC: 12    Str: 21    XL:     6   Next: 26%
Magic:  6/6        EV:  9    Int:  9    God:
Gold:   216        SH:  4    Dex:  9    Spells: 5/5 levels left

rFire   . . .        a - +0 flail
rCold   . . .        c - +0 buckler
rNeg    + . .        b - +0 scale mail
rPois   ∞            (no helmet)
rElec   +            (no cloak)
rCorr   .            j - +0 pair of gloves
SInv    .            (no boots)
Will    .....        e - amulet of regeneration Stlth
                     (no ring)
HPRegen 1.06/turn    (no ring)
MPRegen 0.10/turn

%: no passive effects
@: no status effects
A: sickness immunity, AC +4, negative energy resistance 1, electricity
resistance, torment resistance 1, petrification resistance
a: no special abilities


You were on level 4 of the Dungeon.
You visited 1 branch of the dungeon, and saw 4 of its levels.

You collected 216 gold pieces.

Inventory:

Hand Weapons
 a - a +0 flail (weapon)
Armour
 b - a +0 scale mail (worn)
 c - a +0 buckler (worn)
 j - a +0 pair of gloves (worn)
Jewellery
 e - an amulet of regeneration (around neck)
Scrolls
 h - 2 scrolls of identify {unknown}
 k - a scroll of immolation {unknown}
 l - a scroll of torment {unknown}
 o - a scroll of revelation {unknown}
Potions
 d - a potion of might
 f - a potion of resistance {unknown}
 g - a potion of enlightenment {unknown}
 i - 2 potions of invisibility {unknown}
 m - a potion of heal wounds {unknown}
 n - a potion of haste {unknown}
 p - a potion of berserk rage {unknown}
 q - a potion of brilliance {unknown}
 r - a potion of lignification {unknown}


   Skills:
 + Level 4.6 Fighting
 + Level 3.6 Maces & Flails
 + Level 4.6 Armour
 + Level 4.6 Shields


You had 5 spell levels left.
You didn't know any spells.
Your spell library was empty.

Dungeon Overview and Level Annotations

Branches:
Dungeon (4/15)
 Temple: D:4-7

Altars:
Fedhas

Shops:
D:3 [((!


Innate Abilities, Weirdness & Mutations

You are immune to sickness and miasma.
Your stone body is resilient. (AC +4)
You are immune to poison.
You resist negative energy. (rN+)
You are resistant to electric shocks. (rElec)
You are resistant to unholy torment.
You are immune to petrification.


Message History

The orc priest invokes the aid of Beogh against you.
Beogh smites you! Something hits you but does no damage.
The orc hits you from afar with a +3 trident.
You are too injured to fight recklessly!
You are too injured to fight recklessly!
You are too injured to fight recklessly!
You are too injured to fight recklessly!
You are too injured to fight recklessly!
You are too injured to fight recklessly!
You are too injured to fight recklessly!
You are too injured to fight recklessly!
You are too injured to fight recklessly!
You are too injured to fight recklessly!
You are too injured to fight recklessly!
You are too injured to fight recklessly!
You are too injured to fight recklessly!
You are too injured to fight recklessly!
You are too injured to fight recklessly!
You are too injured to fight recklessly!
You closely miss the orc priest.
The orc priest is heavily wounded.
The orc priest invokes the aid of Beogh against you.
Beogh smites you!
* * * LOW HITPOINT WARNING * * *
You hear some strange, mumbled words.
Something tries to affect you, but you resist.
The orc misses you.
You hit the orc priest but do no damage.
The orc priest is heavily wounded.
The orc priest mumbles some strange prayers to Beogh against you.
Pain shoots through your body!
* * * LOW HITPOINT WARNING * * *
Something hits you but does no damage. The orc completely misses you.
You hit the orc priest.
The orc priest is severely wounded.
You block the orc priest's attack. Something hits you but does no damage.
You block the orc's attack. The orc barely misses you.
The orc priest mumbles some strange prayers to Beogh against you.
Beogh smites you!
You die...

#.......#
#...###.#
#...# #.#
#.#.###.#
#.#.....#
#.###.###
#### #.# #.#
##.#...####.#
#.#
.....o{@....#
#.#
####.oo######
#.# ##o# #.#
... #.# ##.
#.# #( #


You could see an orc priest and 3 orcs.

Vanquished Creatures
  A hound (D:3)
  Jessica (D:2)
  An iguana (D:3)
  3 adders (D:2)
  9 gnolls
  2 dart slugs
  An orc (D:4)
  6 bats
  7 endoplasms
  3 giant cockroaches
  5 goblins
  9 hobgoblins
  2 jackals (D:3)
  7 quokkas
  8 ball pythons
  7 frilled lizards
  3 kobolds
  5 rats
80 creatures vanquished.

Notes
Turn   | Place    | Note
-------+----------+-------------------------------------------
     0 | D:1      | Dittersdorf the Gargoyle Fighter began the quest for the
                  | Orb.
     0 | D:1      | Reached XP level 1. HP: 14/14 MP: 1/1
   324 | D:1      | Reached XP level 2. HP: 19/19 MP: 2/2
   704 | D:1      | Reached XP level 3. HP: 23/23 MP: 3/3
  2291 | D:2      | Noticed Jessica
  2305 | D:2      | Killed Jessica
  2306 | D:2      | Reached XP level 4. HP: 27/29 MP: 4/4
  2388 | D:2      | Reached XP level 5. HP: 26/33 MP: 5/5
  2997 | D:3      | Found Ruch's Antique Weapon Shoppe.
  3063 | D:3      | Found a faded altar of an unknown god.
  3102 | D:3      | Found Maorioma's Antique Armour Emporium.
  3113 | D:3      | Reached XP level 6. HP: 37/39 MP: 6/6
  3181 | D:3      | Found Goziost's Weapon Shop.
  3327 | D:3      | Found Ruasarir's Distillery.
  3386 | D:3      | Found a blossoming altar of Fedhas.
  3842 | D:4      | HP: 1/39 [orc priest/nerve-wracking pain (3)]
  3843 | D:4      | Killed from afar by an orc priest

Illustrated notes

Levels and vault maps discovered:
D:1:      psy_arrival_radial02, layout_basic, serial_co_window_serial,
          co_window_corner_a, co_window_corner_a, co_window_of_opportunity_a,
          co_window_of_opportunity_a, co_window_corner_a, co_window_corner_a,
          co_window_of_opportunity_a, co_window_corner_b, co_window_cross_4,
          co_window_unsneaky_path_a, co_window_broadway_a, co_window_corner_ca,
          glass_columns_b, glass_columns_b, glass_columns_a, glass_columns_b
D:2:      layout_loops_cross, uniq_jessica
D:3:      layout_loops_ring, fedhas_altar_4, serial_shops,
          nicolae_shop_temple_entry_statues_fountains, shop,
          nicolae_shop_bloodbath_and_beyond, nicolae_shop_tiny_statue_garden,
          shapermc_ecumenical_altar_ellora, palyth_stone_intersect,
          minmay_cupped
D:4:      layout_loops_ring, uniq_menkaure

Skill      XL: |  1  2  3  4 |
---------------+-------------+-----
Fighting       | 4 |  4.6
Armour         | 4 |  4.6
Shields        | 4 |  4.6
Maces & Flails | 3 |  3.6

Action                     |  1- 3 |  4- 6 || total
---------------------------+-------+-------++-------
  Melee: Flail             |   101 |   190 ||   291
 Armour: Scale mail        |    87 |   183 ||   270
  Dodge: Dodged            |    55 |   126 ||   181
  Block: Buckler           |    21 |    50 ||    71

Table legend: (Time is in decaauts)
 A = Elapsed time spent in this place.
 B = Non-inter-level travel time spent in this place.
 C = Inter-level travel time spent in this place.
 D = Time resting spent in this place.
 E = Time spent auto-exploring this place.
 F = Levels seen in this place.
 G = Mean time per level.
                   A        B        C        D        E       F      G
               +--------+--------+--------+--------+--------+-----+--------+
         Total |   3929 |   3790 |    139 |      0 |   3163 |   4 |  982.2 |
       Dungeon |   3929 |   3790 |    139 |      0 |   3163 |   4 |  982.2 |
               +--------+--------+--------+--------+--------+-----+--------+

Top non-repeatable levels by time:
     D:1: 2180 daAuts
     D:3: 818 daAuts
     D:2: 687 daAuts
     D:4: 242 daAuts
